 Dungeon Crawl Stone Soup version 0.30.1 (webtiles) character file.

Game seed: 8737614477637018240

80661 Nicoed the Executioner (level 15, -7/128 HPs)
             Began as a Minotaur Fighter on July 9, 2023.
             Was the Champion of Okawaru.
             Mangled by a tengu warrior
             ... wielding a +1 battleaxe of venom
              (11 damage)
             ... on level 1 of the Depths.
             The game lasted 00:43:52 (14859 turns).

Nicoed the Executioner (Minotaur Fighter)          Turns: 14859, Time: 00:43:52

Health: -7/128     AC: 25    Str: 31    XL:     15   Next: 24%
Magic:  9/22       EV: 24    Int:  1    God:    Okawaru [******]
Gold:   601        SH:  0    Dex: 10    Spells: 14/14 levels left

rFire   + + +        a - +10 executioner's axe "Xoxoxky" {speed, rF+ rN++}
rCold   . . .        (shield currently unavailable)
rNeg    + + +        o - +7 chain mail "Ofointol" {+Blink Fly rCorr}
rPois   .            K - +0 hat of the Hidden Vale {rN+ Will+ Str+3 Int-4}
rElec   .            r - +0 cloak
rCorr   +            c - +2 pair of gloves {infuse}
SInv    .            f - +0 pair of boots
Will    +....        I - amulet of faith Stlth
                     e - ring of the Hare {EV+10}
HPRegen 0.41/turn    v - ring of Ketifo {*Slow rF+++ EV+5 Slay+6 Stlth+}
MPRegen 0.18/turn

%: slow self (1%), faith, infuse magic (1 MP)
@: lethally poisoned (-7 -> -11), weak-willed, flying, slowed, studying
Polearms, very slow
A: horns 2, retaliatory headbutt, screaming 1
a: Renounce Religion, Evoke Blink, Heroism, Finesse, Duel


You were on level 1 of the Depths.
You worshipped Okawaru.
Okawaru was exalted by your worship.
You visited 4 branches of the dungeon, and saw 19 of its levels.
You also visited: Ossuary and Ice Cave.

You collected 2108 gold pieces.
You spent 1507 gold pieces at shops.

Inventory:

Hand Weapons
 a - the +10 executioner's axe "Xoxoxky" (weapon) {speed, rF+ rN++}
   (Okawaru gifted it to you on level 2 of the Orcish Mines)

   rF:        It protects you from fire.
   rN:        It greatly protects you from negative energy.
 H - the +3 broad axe of Doodeveb {speed, rC+ MP-9 Str+4}
   (Okawaru gifted it to you on level 14 of the Dungeon)

   Str:       It affects your strength (+4).
   rC:        It protects you from cold.
   MP:        It affects your magic capacity (-9).
 P - a +0 broad axe of flaming
 T - the +6 battleaxe of Oozing Pus {spect, Fragile rF++ Int+3 SInv}
   (Okawaru gifted it to you on level 15 of the Dungeon)

   Int:       It affects your intelligence (+3).
   rF:        It greatly protects you from fire.
   SInv:      It lets you see invisible.
   Fragile:   It will be destroyed if unequipped.
Missiles
 L - 2 throwing nets (quivered)
Armour
 c - a +2 pair of gloves of infusion (worn)
 f - a +0 pair of boots (worn)
 g - a +0 kite shield
 h - the +0 ring mail of Distant Worlds {Rampage +Inv rC+++ Int-4}
   (You took it off a gnoll sergeant on level 6 of the Dungeon)

   Int:       It affects your intelligence (-4).
   rC:        It renders you almost immune to cold.
   +Inv:      It lets you turn invisible.
   Rampage:   It bestows one free step when moving towards enemies.
 o - the +7 chain mail "Ofointol" (worn) {+Blink Fly rCorr}
   (You bought it in a shop on level 2 of the Orcish Mines)

   Fly:       It grants you flight.
   +Blink:    It lets you blink.
   rCorr:     It protects you from acid and corrosion.
 r - a +0 cloak (worn)
 y - a +4 plate armour
 K - the +0 hat of the Hidden Vale (worn) {rN+ Will+ Str+3 Int-4}
   (Okawaru gifted it to you on level 11 of the Dungeon)

   Str:       It affects your strength (+3).
   Int:       It affects your intelligence (-4).
   rN:        It protects you from negative energy.
   Will:      It increases your willpower.
Jewellery
 b - a ring of flight
 e - the ring of the Hare (left hand) {EV+10}
   (You took it off a gnoll sergeant on level 6 of the Dungeon)

   [ring of evasion]

   EV:        It affects your evasion (+10).
 s - a ring of resist corrosion
 v - the ring of Ketifo (right hand) {*Slow rF+++ EV+5 Slay+6 Stlth+}
   (You found it on level 5 of the Dungeon)

   [ring of evasion]

   EV:        It affects your evasion (+5).
   Slay:      It affects your accuracy & damage with ranged weapons and melee
   (+6).
   rF:        It renders you almost immune to fire.
   *Slow:     It may slow you when you take damage.
   Stlth:     It makes you more stealthy.
 I - an amulet of faith (around neck)
 M - a ring of willpower
 U - a ring of see invisible
Wands
 p - a wand of roots (11)
 u - a wand of flame (21)
 C - a wand of acid (17)
Scrolls
 k - 6 scrolls of fog
 m - 6 scrolls of teleportation
 q - 4 scrolls of enchant armour
 B - 2 scrolls of magic mapping
 D - 3 scrolls of amnesia
 E - 2 scrolls of fear
 N - a scroll of acquirement
 R - 2 scrolls of brand weapon
 S - 2 scrolls of identify
Potions
 d - 5 potions of might
 j - a potion of magic
 l - 8 potions of mutation
 n - a potion of brilliance
 w - 4 potions of attraction
 z - 2 potions of flight
 A - a potion of haste
 F - a potion of resistance
 J - 2 potions of invisibility
Miscellaneous
 O - a piece from Xom's chessboard (15/15)


   Skills:
 + Level 10.6 Fighting
 + Level 25.2 Axes
 + Level 10.6 Armour
 - Level 4.0 Shields
 + Level 11.4 Invocations


You had 14 spell levels left.
You didn't know any spells.
Your spell library contained the following spells:

 Spells                   Type           Power      Damage    Failure   Level
 Shock                    Conj/Air       0%         1d3       91%         1
 Slow                     Hex            0%         N/A       91%         1
 Sublimation of Blood     Necr           0%         N/A       97%         2
 Wereblood                Tmut           0%         N/A       97%         2
 Confusing Touch          Hex            0%         N/A       100%        3
 Gell's Gravitas          Tloc           0%         N/A       100%        3
 Ozocubu's Armour         Ice            0%         N/A       100%        3
 Portal Projectile        Hex/Tloc       0%         N/A       100%        3
 Swiftness                Air            0%         N/A       100%        3
 Teleport Other           Tloc           0%         N/A       100%        3
 Vampiric Draining        Necr           0%         2d6       100%        3
 Volatile Blastmotes      Fire/Tloc      0%         2d10      100%        3
 Airstrike                Air            0%         2d(0-16)  100%        4
 Fulminant Prism          Conj/Hex       0%         3d5       100%        4
 Iskenderun's Mystic Bla  Conj/Tloc      0%         2d3       100%        4
 Leda's Liquefaction      Hex/Erth       0%         N/A       100%        4
 Blade Hands              Tmut           0%         N/A       100%        5
 Lee's Rapid Deconstruct  Erth           0%         3d4*      100%        5
 Conjure Ball Lightning   Conj/Air       0%         3x3d6     100%        6
 Dispersal                Tloc           0%         N/A       100%        6
 Iron Shot                Conj/Erth      0%         9d1       100%        6
 Statue Form              Tmut/Erth      0%         N/A       100%        6
 Ozocubu's Refrigeration  Ice            0%         4d7       100%        7
 Discord                  Hex            0%         N/A       100%        8
 Disjunction              Tloc           0%         N/A       100%        8
 Call Canine Familiar     Summ           Unusable   N/A       N/A         3
 Animate Armour           Summ/Erth      Unusable   N/A       N/A         4
 Malign Gateway           Summ/Tloc      Unusable   N/A       N/A         7
 Summon Hydra             Summ           Unusable   N/A       N/A         7
 Summon Horrible Things   Summ           Unusable   N/A       N/A         8

Dungeon Overview and Level Annotations

Branches:
Dungeon (15/15)            Temple (1/1) D:6            Lair (0/5) D:10
    Orc (2/2) D:11            Elf (0/3) Orc:2        Vaults (0/5) D:14
 Depths (1/4) D:15        Ossuary (visited)           IceCv (visited)

Altars:
Ashenzari
Cheibriados
Dithmenos
Elyvilon
Fedhas
Gozag
Hepliaklqana
Kikubaaqudgha
Makhleb
Nemelex Xobeh
Okawaru
Qazlal
Ru
Sif Muna
Trog
Uskayaw
Vehumet
Wu Jian
Xom
Yredelemnul
Zin
The Shining One

Shops:
D:10 *   D:14 (   Orc:1 *(*   Orc:2 [([=

Portals:
Pandemonium: Depths:1


Innate Abilities, Weirdness & Mutations

You have a pair of horns on your head.
You reflexively headbutt those who attack you in melee.
You occasionally shout uncontrollably at your foes.


Message History

Your surroundings suddenly seem different. 2 tengu warriors come into view.
A tengu warrior is wielding a +1 battleaxe of venom.
The tengu warrior shouts! x2
Unknown command.
Unknown command.
Unknown command.
You closely miss the tengu warrior. The tengu warrior blocks your attack.
You slash the tengu warrior! The tengu warrior barely misses you.
You furiously retaliate!
You headbutt the tengu warrior! The tengu warrior misses you.
The tengu warrior claws you but does no damage.
The tengu warrior completely misses you.
You furiously retaliate!
You headbutt the tengu warrior. The tengu warrior barely misses you.
The tengu warrior claws you.
* * * LOW HITPOINT WARNING * * *
Unknown command.
Unknown command.
The tengu warrior blocks your attack.
The tengu warrior is moderately wounded.
You slice the tengu warrior!!
The tengu warrior hits you but does no damage.
You are poisoned.
The tengu warrior misses you. x2
The tengu warrior hits you with a +0 long sword!
* * * LOW HITPOINT WARNING * * *
The tengu warrior completely misses you.
The tengu warrior claws you but does no damage.
Unknown command.
Unknown command.
Unknown command.
You barely miss the tengu warrior.
The tengu warrior is severely wounded.
The tengu warrior blocks your attack.
You feel sick.
The tengu warrior hits you but does no damage.
The tengu warrior pecks you.
* * * LOW HITPOINT WARNING * * *
The tengu warrior completely misses you.
The tengu warrior hits you with a +1 battleaxe of venom!
You die...

##.###...'...'....##......+
##.....#####.#.....#.##+###
.........###.#.....###
######'#..##+###.###
....##.#.....# #.+
####.#.#.##..# #+#+#
...#.#.#.#...###...#
##∩..#.#......#.Q..#
#...##.#......#.@Q.+
#.#...##....###....#
#.######..### ######
##.....'..# #######..# ...#
#...# #####


You could see 2 tengu warriors.

Vanquished Creatures
  the Enchantress (Depths:1)
  Rupert (D:14)
  Kirke (D:13)
  3 spriggan defenders (Depths:1)
  Nessos (D:14)
  2 stone giants (Depths:1)
  4 very ugly things (Depths:1)
  A dire elephant (D:15)
  A fire dragon (D:15)
  2 entropy weavers (shapeshifter)
  An ice dragon (Depths:1)
  Harold (D:11)
  A rakshasa (Depths:1)
  A hell beast (Depths:1)
  A hydra (D:15)
  A spriggan air mage (Depths:1)
  A boulder beetle (D:11)
  5 centaur warriors
  A death knight (D:15)
  4 two-headed ogres
  2 tengu warriors (D:14)
  A deep troll earth mage (Depths:1)
  A spriggan berserker (Depths:1)
  An orc high priest (Orc:2)
  2 sun demons (Depths:1)
  3 hell knights (Depths:1)
  10 skeletal warriors
  4 deep trolls (Depths:1)
  The ghost of SuvarnaParana the Thaumaturge, a novice DECj of Vehumet (D:8)
  A wizard (D:14)
  3 orc knights
  3 deep elf pyromancers
  2 necromancers (Depths:1)
  5 manticores
  6 orc sorcerers
  12 ugly things
  A moth of wrath (shapeshifter) (D:14)
  A cyclops (D:14)
  The ghost of brob1 the Chopper, a novice MiBe of Trog (D:6)
  3 ice statues
  4 molten gargoyles (D:10)
  2 orange demons (Depths:1)
  3 gargoyles (D:12)
  A smoke demon (Depths:1)
  An unseen horror (D:11)
  2 freezing wraiths
  2 komodo dragons (D:12)
  An unseen horror (shapeshifter) (D:12)
  2 efreet (D:15)
  5 trolls
  3 meliai (D:13)
  A hornet (Depths:1)
  2 polar bears (D:11)
  Grinder (D:4)
  9 slime creatures (D:15)
  2 ynoxinuls (Depths:1)
  A wraith (D:11)
  3 spriggans
  A wyvern (D:10)
  A centaur simulacrum (D:11)
  A yak (shapeshifter) (D:12)
  2 vampires (D:10)
  Eustachio (D:4)
  3 basilisks
  16 yaks
  A neqoxec (Depths:1)
  2 steam dragons
  7 hogs (D:13)
  14 vampire mosquitoes
  16 humans (D:14)
  2 death yak simulacra (IceCv)
  A warg (D:15)
  An acid dragon (D:13)
  A water moccasin (D:6)
  25 orc warriors
  6 ice beasts
  3 black bears
  4 boggarts (D:15)
  8 ogres
  3 centaurs
  3 wolves
  6 bullfrogs
  2 kobold brigands
  4 gnoll sergeants
  5 scorpions
  2 howler monkeys (D:8)
  An electric eel (D:11)
  2 centaur zombies (Ossuary)
  A lava snake (D:10)
  5 human zombies (Ossuary)
  5 hounds
  23 orc priests
  Terence (D:3)
  2 gnoll boudas
  2 iguanas
  5 sleepcaps
  35 orc wizards
  2 polar bear simulacra (IceCv)
  4 mummies
  14 gnolls
  8 adders
  A white imp (D:11)
  An ufetubus (D:5)
  5 adder zombies (Ossuary)
  2 worms (D:5)
  6 dart slugs
  81 orcs
  8 endoplasms
  3 giant cockroaches
  A gnoll zombie (Ossuary)
  9 goblins
  5 hobgoblins
  2 jackals (D:5)
  4 quokkas
  12 ball pythons
  4 bats
  5 frilled lizards
  3 goblin zombies (Ossuary)
  3 hobgoblin zombies (Ossuary)
  2 jackal zombies (Ossuary)
  14 kobolds
  4 kobold zombies (Ossuary)
  3 orc zombies (Ossuary)
  5 quokka zombies (Ossuary)
  A rat (D:3)
  A rat zombie (Ossuary)
578 creatures vanquished.

Vanquished Creatures (others)
  2 yaks (D:10)
  A white imp (D:11)
3 creatures vanquished.

Grand Total: 581 creatures vanquished

Notes
Turn   | Place    | Note
-------+----------+-------------------------------------------
     0 | D:1      | Nicoed the Minotaur Fighter began the quest for the Orb.
     0 | D:1      | Reached XP level 1. HP: 19/19 MP: 0/0
   126 | D:1      | Reached XP level 2. HP: 26/27 MP: 1/1
   247 | D:1      | Reached skill level 3 in Axes
   430 | D:1      | Reached XP level 3. HP: 33/33 MP: 2/2
   797 | D:2      | Reached skill level 4 in Axes
  1767 | D:3      | Found a hazy altar of Hepliaklqana.
  1823 | D:3      | Reached XP level 4. HP: 32/40 MP: 3/3
  1931 | D:3      | Reached skill level 5 in Axes
  2162 | D:3      | Noticed Terence
  2174 | D:3      | Killed Terence
  2329 | D:3      | Found a burning altar of Makhleb.
  2703 | D:4      | Reached XP level 5. HP: 46/46 MP: 4/4
  2774 | D:4      | Reached skill level 6 in Axes
  2960 | D:4      | Noticed Grinder
  2962 | D:4      | Paralysed by Grinder for 3 turns
  2974 | D:4      | Paralysed by Grinder for 3 turns
  2981 | D:4      | Killed Grinder
  2982 | D:4      | Reached skill level 8 in Axes
  2982 | D:4      | Reached XP level 6. HP: 16/52 MP: 5/5
  3192 | D:4      | Reached skill level 9 in Axes
  3192 | D:4      | Reached XP level 7. HP: 50/59 MP: 6/6
  3275 | D:4      | Noticed Eustachio
  3284 | D:4      | Killed Eustachio
  3312 | D:4      | Reached skill level 10 in Axes
  4056 | D:5      | Entered Level 5 of the Dungeon
  4065 | D:5      | Reached XP level 8. HP: 66/66 MP: 7/7
  4077 | D:5      | Reached skill level 11 in Axes
  4161 | D:5      | Reached skill level 12 in Axes
  4311 | D:5      | Identified the ring of Ketifo {*Slow rF+++ EV+5 Slay+6
                  | Stlth+}
  4777 | D:6      | Reached skill level 13 in Axes
  4815 | D:6      | Found a staircase to the Ecumenical Temple.
  4867 | Temple   | Entered the Ecumenical Temple
  4874 | Temple   | Became a worshipper of Warmaster Okawaru
  5147 | D:6      | Reached XP level 9. HP: 58/71 MP: 8/8
  5163 | D:6      | Identified the +0 ring mail of Distant Worlds {Rampage +Inv
                  | rC+++ Int-4}
  5188 | D:6      | Found a transporter.
  5237 | D:6      | Reached skill level 14 in Axes
  5240 | D:6      | Reached * piety under Okawaru
  5348 | D:6      | Found a transporter.
  5369 | D:6      | Noticed brob1's ghost (novice MiBe)
  5392 | D:6      | Killed brob1's ghost
  5433 | D:6      | HP: 3/71 [gnoll/+0 halberd (8)]
  5719 | D:7      | Reached ** piety under Okawaru
  5720 | D:7      | Reached skill level 15 in Axes
  5731 | D:7      | Found a sand-covered staircase.
  5738 | Ossuary  | Entered an ossuary
  6507 | D:7      | Reached skill level 5 in Invocations
  6885 | D:8      | Reached XP level 10. HP: 78/78 MP: 12/12
  7401 | D:8      | Found a runed translucent door.
  7409 | D:8      | Noticed SuvarnaParana's ghost (novice DECj)
  7414 | D:8      | Identified the +8 trident of Interdependent Arising
                  | {antimagic, rN+}
  7664 | D:8      | Killed SuvarnaParana's ghost
  7664 | D:8      | Reached *** piety under Okawaru
  7665 | D:8      | Reached skill level 16 in Axes
  7878 | D:9      | Reached **** piety under Okawaru
  8337 | D:9      | Noticed an ice statue
  8373 | D:9      | Killed an ice statue
  8576 | D:10     | Entered Level 10 of the Dungeon
  8593 | D:10     | Reached skill level 17 in Axes
  8639 | D:10     | Found a hide-covered altar of Uskayaw.
  8646 | D:10     | Reached ***** piety under Okawaru
  8652 | D:10     | Noticed a molten gargoyle
  8658 | D:10     | Noticed a two-headed ogre
  8659 | D:10     | Noticed a molten gargoyle
  8662 | D:10     | Noticed a molten gargoyle
  8674 | D:10     | Reached XP level 11. HP: 66/84 MP: 13/16
  8690 | D:10     | Reached skill level 18 in Axes
  8694 | D:10     | HP: 2/84 [molten gargoyle/bolt of magma (13)]
  8695 | D:10     | Found a staircase to the Lair.
  8772 | D:10     | Received a gift from Okawaru
  8784 | D:10     | Killed a two-headed ogre
  8898 | D:10     | Found Zin's Purification Station.
  8903 | D:10     | Found a glowing silver altar of Zin.
  9268 | D:11     | Noticed a two-headed ogre
  9275 | D:11     | Killed a two-headed ogre
  9347 | D:11     | Noticed Harold
  9355 | D:11     | Killed Harold
  9356 | D:11     | Reached skill level 19 in Axes
  9364 | D:11     | Found a staircase to the Orcish Mines.
  9372 | D:11     | Identified the +0 hat of the Hidden Vale {rN+ Will+ Str+3
                  | Int-4} (Okawaru gifted it to you on level 11 of the
                  | Dungeon)
  9372 | D:11     | Received a gift from Okawaru
  9484 | D:11     | Found a frozen archway.
  9495 | IceCv    | Entered an ice cave
  9498 | IceCv    | Found a transporter.
  9519 | IceCv    | Lost intelligence.
  9522 | IceCv    | Noticed a white ugly thing
  9572 | IceCv    | Found a transporter.
  9598 | IceCv    | Killed a white ugly thing
  9611 | IceCv    | Reached skill level 20 in Axes
  9895 | D:11     | Reached ****** piety under Okawaru
  9896 | D:11     | Reached XP level 12. HP: 80/91 MP: 17/17
  9914 | D:11     | Identified a scroll of acquirement
 10035 | D:11     | Noticed a boulder beetle
 10046 | D:11     | Killed a boulder beetle
 10245 | Orc:1    | Entered Level 1 of the Orcish Mines
 10281 | Orc:1    | Found Owkuf's General Store.
 10290 | Orc:1    | Bought a scroll of identify for 36 gold pieces
 10424 | Orc:1    | Found Zyjural's Weapon Boutique.
 10424 | Orc:1    | Noticed a two-headed ogre
 10429 | Orc:1    | Killed a two-headed ogre
 10430 | Orc:1    | Reached skill level 21 in Axes
 10558 | Orc:2    | Entered Level 2 of the Orcish Mines
 10593 | Orc:2    | Found a staircase to the Elven Halls.
 10868 | Orc:2    | Identified the +10 executioner's axe "Xoxoxky" {speed, rF+
                  | rN++} (Okawaru gifted it to you on level 2 of the Orcish
                  | Mines)
 10868 | Orc:2    | Received a gift from Okawaru
 10960 | Orc:1    | Found Hifa's General Store.
 11105 | Orc:2    | Noticed an orc high priest
 11112 | Orc:2    | Killed an orc high priest
 11113 | Orc:2    | Reached skill level 22 in Axes
 11210 | Orc:2    | Found Fiokhly's Jewellery Shop.
 11210 | Orc:2    | Found Uzuank's Antique Weapon Boutique.
 11221 | Orc:2    | Found Qenwes's Armour Shop.
 11224 | Orc:2    | Found Zesi Mott's Antique Armour Boutique.
 11233 | Orc:2    | Bought a +2 pair of gloves of infusion for 301 gold pieces
 11233 | Orc:2    | Bought the +7 chain mail "Ofointol" {+Blink Fly rCorr} for
                  | 856 gold pieces
 11533 | Orc:1    | Bought a scroll of magic mapping for 127 gold pieces
 11533 | Orc:1    | Bought a scroll of fear for 68 gold pieces
 11533 | Orc:1    | Bought a scroll of teleportation for 51 gold pieces
 11533 | Orc:1    | Bought a potion of might for 68 gold pieces
 11682 | D:12     | Received a gift from Okawaru
 11764 | D:12     | Reached skill level 23 in Axes
 12361 | D:13     | Noticed a centaur warrior
 12369 | D:13     | Killed a centaur warrior
 12378 | D:13     | Reached XP level 13. HP: 53/96 MP: 13/18
 12391 | D:13     | Noticed Kirke
 12400 | D:13     | Killed Kirke
 12400 | D:13     | Received a gift from Okawaru
 12786 | D:14     | Reached skill level 5 in Fighting
 12786 | D:14     | Reached skill level 24 in Axes
 12786 | D:14     | Reached skill level 5 in Armour
 12848 | D:14     | Received a gift from Okawaru
 12921 | D:14     | Noticed Nessos
 12927 | D:14     | Found a gate to the Vaults.
 12927 | D:14     | Noticed Rupert
 12943 | D:14     | Killed Rupert
 12943 | D:14     | Killed Nessos
 13014 | D:14     | Identified the +3 broad axe of Doodeveb {speed, rC+ MP-9
                  | Str+4} (Okawaru gifted it to you on level 14 of the
                  | Dungeon)
 13014 | D:14     | Received a gift from Okawaru
 13088 | D:14     | Reached XP level 14. HP: 77/113 MP: 13/20
 13541 | D:14     | Found Pyg Buan's Weapon Emporium.
 13712 | D:15     | Entered Level 15 of the Dungeon
 13741 | D:15     | Identified the +6 battleaxe of Oozing Pus {spect, Fragile
                  | rF++ Int+3 SInv} (Okawaru gifted it to you on level 15 of
                  | the Dungeon)
 13741 | D:15     | Received a gift from Okawaru
 13800 | D:15     | Identified the +3 scale mail of the Enchanting Gods {rElec
                  | Str+4}
 13826 | D:15     | HP: 3/115 [mirror damage (23)]
 13827 | D:15     | Reached skill level 10 in Invocations
 14170 | D:15     | Found a glowing golden altar of the Shining One.
 14263 | D:15     | Found a staircase to the Depths.
 14274 | D:15     | Received a gift from Okawaru
 14305 | Depths:1 | Entered Level 1 of the Depths
 14361 | Depths:1 | Noticed a stone giant
 14369 | Depths:1 | Killed a stone giant
 14434 | Depths:1 | Lost intelligence.
 14438 | Depths:1 | Gained mutation: You occasionally shout uncontrollably at
                  | your foes. [a neqoxec]
 14447 | Depths:1 | Found a one-way gate leading to the halls of Pandemonium.
 14559 | Depths:1 | Found a glowing golden altar of the Shining One.
 14596 | Depths:1 | Reached skill level 25 in Axes
 14629 | Depths:1 | Identified the +6 scale mail "Jejagg" {Drain rPois Str+5}
                  | (Okawaru gifted it to you on level 1 of the Depths)
 14629 | Depths:1 | Received a gift from Okawaru
 14741 | Depths:1 | Reached skill level 10 in Fighting
 14745 | Depths:1 | Reached skill level 10 in Armour
 14765 | Depths:1 | Reached XP level 15. HP: 95/126 MP: 13/22
 14776 | Depths:1 | Found a glowing silver altar of Zin.
 14838 | Depths:1 | Noticed the Enchantress
 14839 | Depths:1 | HP: 6/127 [spriggan defender/+1 lajatang of
                  | electrocution[the Enchantress] (24)]
 14850 | Depths:1 | Killed the Enchantress
 14859 | Depths:1 | HP: 4/128 [tengu warrior/+0 long sword (3)]
 14859 | Depths:1 | Mangled by a tengu warrior

Illustrated notes

Levels and vault maps discovered:
D:1:      dpeg_arrival_shrine, layout_basic
D:2:      layout_loops_ring, serial_co_window_serial, co_window_paths_a,
          co_window_paths_a, co_window_cross_1, co_window_corner_a,
          co_window_corner_a, co_window_broadway_b, co_window_unsneaky_path_c,
          co_window_of_opportunity_b, co_window_2corner, co_window_broadway_a,
          co_window_of_opportunity_c, co_window_of_opportunity_b,
          co_window_4corner_b, glass_columns_c, glass_columns_a,
          minmay_misc_feat_enclosed
D:3:      layout_basic, bloody_makhleb, nicolae_hepliaklqana_hippocampus,
          uniq_terence
D:4:      minmay_door_path, layout_basic, kennysheep_generic_room_5,
          uniq_eustachio, uniq_grinder
D:5:      layout_cave_pools, minmay_misc_feat_plants, minmay_increasing_density
D:6:      layout_gridville, minmay_temple_entry_wispy,
          gammafunk_ghost_gnarly_gnolls, st_stairs_1
D:7:      layout_cave_pods, gup_ossuary_entry_pyramid
D:8:      layout_cave_pods, ebering_ghost_funeral_grove
D:9:      minmay_statue_hallways, layout_irregular_city
D:10:     layout_cave_pools, zin_purify, eat_drink_and_be_merry_uskayaw,
          david_lair_generic, hangedman_decor_peaks_small, minivault_8
D:11:     layout_roguey, david_orc_5, serial_ice, serial_ice_o, serial_ice_i,
          serial_ice_h, serial_ice_e, portal_ice_cave_entry_pillars_1,
          minmay_gold_behind_fungi, hex_intersection, hangedman_decor_riveting,
          uniq_harold
D:12:     layout_irregular_city
D:13:     layout_rooms, uniq_kirke
D:14:     layout_basic, david_vaults_3, serial_shops, shop, minivault_4
D:15:     hangedman_depths_entry_try_elsewhere_first, layout_layer_cave,
          old_standard_altar
Temple:   compressed_dpeg_circular_temple
Orc:1:    layout_diamond_mine, serial_shops, shop,
          nicolae_shop_bloodbath_and_beyond, nicolae_shop_tiny_glass
Orc:2:    st_orc_mages, layout_diamond_mine
Depths:1: layout_honeycomb, grunt_pan_entry_spiral, minmay_splitting_lines,
          hell_entry, lemuel_statue_altar, nicolae_tso_carved_into_rock,
          uniq_enchantress

Skill      XL: |  1  2  3  4  5  6  7  8  9 10 11 12 13 14 |
---------------+-------------------------------------------+-----
Fighting       | 4 7 10 | 10.6
Armour         | 4 7 10 | 10.6
Shields        | 4 |  4.0
Axes           | 3 4 5 8 9 10 13 15 17 20 23 24 25 | 25.2
Invocations    | 5 8 9 11 | 11.4

Action                     |  1- 3 |  4- 6 |  7- 9 | 10-12 | 13-15 || total
---------------------------+-------+-------+-------+-------+-------++-------
  Melee: War axe           |    73 |   109 |   281 |   143 |       ||   606
         Headbutt          |    13 |    18 |    62 |    68 |    60 ||   221
         Battleaxe         |       |       |       |   153 |       ||   153
         Executioner's axe |       |       |       |    88 |   283 ||   371
  Throw: Throwing net      |       |       |       |     2 |       ||     2
 Invoke: Heroism           |       |       |     1 |     1 |       ||     2
  Evoke: Wand              |       |       |       |       |     6 ||     6
    Use: Scroll            |       |       |    15 |     7 |     8 ||    30
         Potion            |       |       |     8 |     2 |     3 ||    13
 Armour: Scale mail        |    31 |    23 |       |       |       ||    54
         Chain mail        |       |    51 |    95 |    30 |    78 ||   254
         Plate armour      |       |       |       |    36 |       ||    36
         Ring mail         |       |       |       |     1 |       ||     1
  Dodge: Dodged            |    34 |    29 |   112 |   329 |   231 ||   735
  Block: Buckler           |     5 |       |       |       |       ||     5
         Kite shield       |    17 |    39 |    92 |    70 |       ||   218
